 Dungeon Crawl Stone Soup version 0.28-a0-998-gb9e9c7b (webtiles) character file.

Game seed: 1445942943734046142

49 HDogLeCool the Slasher (level 3, -1/28 HPs)
             Began as a Demonspawn Gladiator on Dec 5, 2021.
             Was a Follower of Dithmenos.
             Slain by a gnoll (12 damage)
             ... on level 1 of the Dungeon.
             The game lasted 00:07:48 (5367 turns).

HDogLeCool the Slasher (Demonspawn Gladiator)       Turns: 5367, Time: 00:07:48

Health: -1/28      AC:  4    Str: 14    XL:     3   Next: 51%
Magic:  3/3        EV: 12    Int:  9    God:    Dithmenos [*.....]
Gold:   73         SH:  4    Dex: 16    Spells: 2/2 levels left

rFire   . . .      SeeInvis .   j - +0 dagger
rCold   . . .      Faith    .   e - +0 buckler
rNeg    . . .      Spirit   .   b - +0 leather armour
rPois   .          Reflect  .   c - +0 helmet
rElec   .          Harm     .   (no cloak)
rCorr   .          Rampage  .   (no gloves)
Will    .....                   (no boots)
Stlth   ++........              (no amulet)
HPRegen 0.09/turn               (no ring)
MPRegen 0.16/turn               (no ring)

@: wreathed by umbra
A: magic regeneration
a: Renounce Religion


You were on level 1 of the Dungeon.
You worshipped Dithmenos.
Dithmenos was aware of your devotion.
You visited 1 branch of the dungeon, and saw 2 of its levels.

You collected 73 gold pieces.

Inventory:

Hand Weapons
 a - a +0 long sword
 j - a +0 dagger (weapon)
Missiles
 d - 3 throwing nets (quivered)
 l - 69 stones
 n - 3 javelins
Armour
 b - a +0 leather armour (worn)
 c - a +0 helmet (worn)
 e - a +0 buckler (worn)
Scrolls
 f - a scroll of fear {unknown}
 h - a scroll of brand weapon {unknown}
 i - a scroll of identify {unknown}
 k - a scroll of enchant weapon {unknown}
Potions
 m - a potion of brilliance {unknown}


   Skills:
 * Level 2.7 Fighting
 * Level 1.0(2.1) Short Blades
 - Level 2.9(3.0) Long Blades
 - Level 1.7 Throwing
 - Level 0.1 Armour
 - Level 2.6 Dodging
 + Level 0.6 Stealth
 * Level 1.3 Shields


You had 2 spell levels left.
You didn't know any spells.
Your spell library was empty.

Dungeon Overview and Level Annotations

Branches:
Dungeon (2/15)

Altars:
Dithmenos


Innate Abilities, Weirdness & Mutations

You regenerate magic rapidly.


Message History

You barely miss the gnoll.
The gnoll is moderately wounded.
The gnoll misses you.
You barely miss the gnoll.
The gnoll is moderately wounded.
The gnoll barely misses you.
You hit the gnoll but do no damage.
The gnoll is moderately wounded.
The gnoll hits you with a +0 flail!
You hit the gnoll.
The gnoll is moderately wounded.
The gnoll hits you with a +0 flail.
You hit the gnoll.
The gnoll is heavily wounded.
The gnoll hits you with a +0 flail.
* * * LOW HITPOINT WARNING * * *
The gnoll misses you.
It was a potion of invisibility.
You fade into invisibility!
The gnoll hits you with a +0 flail.
* * * LOW HITPOINT WARNING * * *
The gnoll barely misses you.
You hit the gnoll but do no damage.
The gnoll is moderately wounded.
The gnoll barely misses you.
You flicker for a moment.
You flicker back into view.
You start resting.
HP restored.
Done exploring.
The gnoll shouts!
The gnoll hits you with a +0 flail! You block the gnoll's attack.
You hit the gnoll.
The gnoll is moderately wounded.
The gnoll hits you with a +0 flail!
You hit the gnoll but do no damage.
The gnoll is moderately wounded.
The gnoll hits you with a +0 flail!
You die...

###.......### #.##.#.###.# #.
##...........####.##.#..##.# #.
##.....#'#.....#......##.##.# #.
#....###≈###..........##..#.# #.
#<.###.≈≈≈.###........###.#.# #.
#.##..≈≈≈≈≈..##...^...# #.#.####.
###>≈≈≈≈≈≈≈≈≈>##......# #...#....
################g.....# ##..#.##.
................@.....# #..#.##.
....################.######.#.##.
............................#....
...##..#############.######..###.
.......# #g# ##.###. ##.###.# #.#
#.##.. #.....# #.# #.##..
######## #.# #.##.. .......#
####.#######..#..


You could see a gnoll.

Vanquished Creatures
  An adder (D:2)
  2 worms
  A dart slug (D:1)
  3 endoplasms (D:2)
  A giant cockroach (D:1)
  2 goblins (D:1)
  2 hobgoblins
  2 quokkas (D:2)
  4 ball pythons
  5 bats
  2 frilled lizards
  4 kobolds (D:2)
  3 rats
32 creatures vanquished.

Notes
Turn   | Place    | Note
-------+----------+-------------------------------------------
     0 | D:1      | HDogLeCool the Demonspawn Gladiator began the quest for the
                  | Orb.
     0 | D:1      | Reached XP level 1. HP: 16/16 MP: 1/1
   313 | D:1      | Found a faded altar of an unknown god.
   399 | D:1      | Prayed at the altar of an unknown god.
   399 | D:1      | Became a worshipper of Dithmenos the Shadowed
   399 | D:1      | Reached * piety under Dithmenos
   865 | D:1      | Gained mutation: You regenerate magic rapidly. [demonic
                  | ancestry]
   865 | D:1      | Reached XP level 2. HP: 15/22 MP: 2/2
  1705 | D:1      | Found a shadowy altar of Dithmenos.
  2941 | D:1      | Found a shadowy altar of Dithmenos.
  3831 | D:2      | Reached skill level 1 in Shields
  4075 | D:2      | Reached XP level 3. HP: 24/28 MP: 3/3
  4911 | D:2      | Reached skill level 1 in Short Blades
  5367 | D:1      | Slain by a gnoll

Illustrated notes

Levels and vault maps discovered:
D:1:      evilmike_arrival_crescent, layout_basic,
          hellmonk_ecumenical_altar_lost_god, minmay_tetromino_i2
D:2:      layout_loops_ring

Skill      XL: |  1  2  3 |
---------------+----------+-----
Shields        | 1 |  1.3
Short Blades   | 1 |  1.0
Fighting       | |  2.7
Long Blades    | |  2.9
Throwing       | |  1.7
Armour         | |  0.1
Dodging        | |  2.6
Stealth        | |  0.6

Action                   || total
-------------------------++-------
Melee: Long sword        ||    25
       Dagger            ||   199
  Use: Potion            ||     1
 Stab: Sleeping          ||     1
Armor: Leather armour    ||    33
Dodge: Dodged            ||   131
Block: Buckler           ||    35

Table legend: (Time is in decaauts)
 A = Elapsed time spent in this place.
 B = Non-inter-level travel time spent in this place.
 C = Inter-level travel time spent in this place.
 D = Time resting spent in this place.
 E = Time spent auto-exploring this place.
 F = Levels seen in this place.
 G = Mean time per level.
                   A        B        C        D        E       F      G
               +--------+--------+--------+--------+--------+-----+--------+
         Total |   5371 |   5307 |     64 |   1258 |   3164 |   2 | 2685.5 |
       Dungeon |   5371 |   5307 |     64 |   1258 |   3164 |   2 | 2685.5 |
               +--------+--------+--------+--------+--------+-----+--------+

Top non-repeatable levels by time:
     D:1: 4175 daAuts
     D:2: 1196 daAuts
